 Dungeon Crawl Stone Soup version 0.24.0-125-gc4c63601f3 (webtiles) character file.

Game seed: 14905756117352661401, levelgen mode: deterministic

99 straycat the Sneak (level 4, -7/34 HPs)
             Began as a Vampire Fighter on Mar 9, 2020.
             Killed by divine providence
             ... invoked by an orc priest
              (11 damage)
             ... on level 2 of the Dungeon.
             The game lasted 00:11:40 (2136 turns).

straycat the Sneak (Vampire Fighter)                Turns: 2136, Time: 00:11:40

Health: -7/34      AC:  5    Str: 16    XL:     4   Next: 45%
Magic:  4/4        EV:  9    Int: 10    God:
Gold:   125        SH:  8    Dex: 13    Spells: 3/3 levels left

rFire    . . .     SeeInvis +     - Unarmed
rCold    . . .     Gourm    .   b - +0 shield
rNeg     . . .     Faith    .   g - +0 ring mail
rPois    .         Spirit   .   (no helmet)
rElec    .         Reflect  .   (no cloak)
rCorr    .         Harm     .   (no gloves)
MR       .....                  (no boots)
Stlth    ++........             (no amulet)
HPRegen  0.31/turn              (no ring)
MPRegen  0.09/turn              (no ring)

@: regenerating quickly
A: no food, fangs 3, see invisible, unbreathing
a: Exsanguinate


You were on level 2 of the Dungeon.
You were alive.

You visited 1 branch of the dungeon, and saw 3 of its levels.

You collected 125 gold pieces.

Inventory:

Hand Weapons
 n - a +0 short sword
Missiles
 a - 43 bolts
 e - 37 sling bullets
 j - 16 arrows
 k - 46 stones (quivered)
Armour
 b - a +0 shield (worn)
 g - a +0 ring mail (worn)
 o - a +0 leather armour
Scrolls
 d - 2 scrolls of teleportation
 f - a scroll of enchant weapon {unknown}
 q - a scroll of enchant armour {unknown}
Potions
 c - a potion of might
 h - a potion of degeneration {unknown}
 i - a potion of berserk rage {unknown}
 l - 2 potions of curing {unknown}
 m - a potion of mutation {unknown}
 p - a potion of lignification {unknown}


   Skills:
 - Level 2.8 Fighting
 - Level 2.6 Armour
 - Level 3.0 Dodging
 + Level 3.2 Stealth
 - Level 2.8 Shields
 + Level 2.4 Unarmed Combat


You had 3 spell levels left.
You didn't know any spells.
Your spell library was empty.

Dungeon Overview and Level Annotations

Branches:
Dungeon (3/15)

Altars:
Qazlal
Uskayaw
Yredelemnul


Innate Abilities, Weirdness & Mutations

You do not eat.
Your natural rate of healing is unusually fast.
You have razor-sharp teeth.
You have supernaturally acute eyesight. (SInv)
You can survive without breathing.


Message History

The orc priest is moderately wounded.
The orc priest invokes the aid of Beogh against you.
Beogh smites you!
You hit the orc priest but do no damage.
The orc priest is moderately wounded.
The orc priest invokes the aid of Beogh against you.
Beogh smites you!
* * * LOW HITPOINT WARNING * * *
You block the orc priest's attack.
You barely miss the orc priest. You bite the orc priest.
The orc priest is heavily wounded.
The orc priest hits you.
* * * LOW HITPOINT WARNING * * *
There is a stone staircase leading up here.
The orc priest barely misses you.
You climb upwards.
There is a stone staircase leading down here.
The orc priest invokes the aid of Beogh against you.
Beogh smites you!
You die...

#.# #..# ##..#... #.#
#..# ##...#.##
#.#####..###.....<##
#...................
#######.....####....
#.....#..#..##
#..._.#(.#..##
########.....#(.#..##
#.o.@........####..##
#>#########.......###
#.# #######.# #.# #.#
#.###### #.#
#......##########.#
######............#
##############


You could see an orc priest.

Vanquished Creatures
  3 adders (D:2)
  2 oozes
  An adder zombie (D:2)
  A worm (D:2)
  A dart slug (D:1)
  3 leopard geckos
  An orc (D:3)
  A ball python (D:1)
  A bat (D:1)
  2 giant cockroaches
  10 goblins
  5 hobgoblins
  6 jackals (D:1)
  A quokka (D:3)
  5 frilled lizards (D:1)
  3 kobolds
  3 rats (D:3)
49 creatures vanquished.

Vanquished Creatures (others)
  A giant cockroach (D:3)
1 creature vanquished.

Grand Total: 50 creatures vanquished

Notes
Turn   | Place    | Note
-------+----------+-------------------------------------------
     0 | D:1      | straycat the Vampire Fighter began the quest for the Orb.
     0 | D:1      | Reached XP level 1. HP: 17/17 MP: 1/1
   122 | D:1      | Reached XP level 2. HP: 20/23 MP: 2/2
   198 | D:1      | Reached skill level 1 in Dodging
   225 | D:1      | Reached skill level 1 in Stealth
   287 | D:1      | Reached XP level 3. HP: 21/28 MP: 3/3
   978 | D:2      | Noticed a +0 dagger
   978 | D:2      | Noticed a +0 hand axe
   987 | D:2      | Found a hide-covered altar of Uskayaw.
  1056 | D:2      | Found a basalt altar of Yredelemnul.
  1056 | D:2      | Found a stormy altar of Qazlal.
  1131 | D:2      | Reached XP level 4. HP: 23/34 MP: 4/4
  1581 | D:2      | Found a faded altar of an unknown god.
  2136 | D:2      | Killed from afar by an orc priest

Levels and vault maps discovered:
D:1:      dpeg_arrival_houses_and_road, layout_rooms,
          minmay_misc_feat_secret_circle
D:2:      layout_loops_ring, dancing_weapons_uskayaw,
          gammafunk_temple_overflow_wave, chequers_ecumenical_altar_simple_redux
D:3:      layout_loops_ring, elyvilon_altar_4, serial_forest,
          infiniplex_forest_clump_double, infiniplex_forest_side_room,
          infiniplex_forest_corner_2, infiniplex_forest_split,
          infiniplex_forest_clump_small

Skill      XL: |  1  2  3  4 |
---------------+-------------+-----
Dodging        | 1 2 3 |  3.0
Stealth        | 1 2 3 |  3.2
Fighting       | |  2.8
Armour         | |  2.6
Shields        | |  2.8
Unarmed Combat | |  2.4

Action                   |  1- 3 |  4- 6 || total
-------------------------+-------+-------++-------
Melee: Unarmed           |   193 |    98 ||   291
       Bite              |    15 |     7 ||    22
Throw: Stone             |    34 |       ||    34
  Use: Scroll            |       |     4 ||     4
 Stab: Distracted        |       |     1 ||     1
       Sleeping          |       |     1 ||     1
Armor: Scale mail        |    47 |       ||    47
       Ring mail         |    33 |    20 ||    53
Dodge: Dodged            |    55 |    28 ||    83
Block: Shield            |    90 |    31 ||   121
